 Dungeon Crawl Stone Soup version 0.30.1-9-gdf580d7c3d (webtiles) character file.

Game seed: 5457553789551845541

1016 Ivernyr the Shield-Bearer (level 8, 0/63 HPs)
             Began as a Formicid Fighter on Oct 7, 2023.
             Slain by an ufetubus (1 damage)
             ... on level 4 of the Dungeon.
             The game lasted 00:13:40 (3533 turns).

Ivernyr the Shield-Bearer (Formicid Fighter)        Turns: 3533, Time: 00:13:41

Health: 0/63       AC:  8    Str: 24    XL:     8   Next: 45%
Magic:  8/8        EV: 10    Int:  7    God:
Gold:   230        SH:  5    Dex: 13    Spells: 7/7 levels left

rFire   + . .        a - +0 war axe
rCold   . . .        c - +0 buckler
rNeg    . . .        b - +2 leather armour {rF+}
rPois   .            (helmet unavailable)
rElec   .            u - +0 cloak
rCorr   .            f - +0 pair of gloves
SInv    +            (no boots)
Will    .....        j - amulet of regeneration
Stlth   +            (no ring)
HPRegen 1.10/turn    (no ring)
MPRegen 0.11/turn

%: no passive effects
@: no status effects
A: permanent stasis, dig shafts and tunnels, antennae 3, four strong arms
a: Dig, Shaft Self


You were on level 4 of the Dungeon.
You visited 1 branch of the dungeon, and saw 5 of its levels.
You also visited: Sewer.

You collected 230 gold pieces.

Inventory:

Hand Weapons
 a - a +0 war axe (weapon)
Armour
 b - a +2 leather armour of fire resistance (worn)
 c - a +0 buckler (worn)
 f - a +0 pair of gloves (worn)
 u - a +0 cloak (worn)
Jewellery
 j - an amulet of regeneration (around neck)
 x - a ring of flight
Wands
 y - a wand of iceblast (5)
Scrolls
 e - 3 scrolls of poison {unknown}
 h - 2 scrolls of noise {unknown}
 l - a scroll of immolation {unknown}
 m - a scroll of enchant weapon {unknown}
 o - 2 scrolls of enchant armour {unknown}
 q - a scroll of identify {unknown}
 r - a scroll of vulnerability {unknown}
 t - a scroll of acquirement {unknown}
 v - a scroll of magic mapping {unknown}
 z - a scroll of butterflies {unknown}
 A - a scroll of blinking {unknown}
Potions
 d - 3 potions of might
 g - 6 potions of curing {unknown}
 i - a potion of mutation {unknown}
 k - 2 potions of heal wounds {unknown}
 n - a potion of degeneration {unknown}
 p - a potion of cancellation {unknown}
 s - a potion of brilliance {unknown}
 w - 4 potions of haste {unknown}
 B - a potion of invisibility {unknown}


   Skills:
 + Level 5.6 Fighting
 * Level 6.1 Axes
 + Level 5.5 Armour
 + Level 6.7 Shields


You had 7 spell levels left.
You didn't know any spells.
Your spell library was empty.

Dungeon Overview and Level Annotations

Branches:
Dungeon (5/15)              Sewer (visited)
 Temple: D:4-7

Altars:
Okawaru


Innate Abilities, Weirdness & Mutations

You cannot be hasted, slowed, berserked, paralysed or teleported.
You can dig through walls and to a lower floor.
You have a pair of large antennae on your head. (SInv)
Your four strong arms can wield two-handed weapons with a shield.


Message History

The ufetubus closely misses you. The ufetubus barely misses you.
The white imp hits you but does no damage.
The orc hits you but does no damage.
The orc wizard hits you with a +0 dagger.
The ufetubus misses you.
The ufetubus hits you but does no damage.
You barely miss the orc wizard.
The orc wizard is lightly wounded.
You hit the ufetubus. You barely miss the orc.
You hit the white imp but do no damage.
The ufetubus hits you but does no damage.
The ufetubus hits you. The white imp hits you. The white imp freezes you.
* * * LOW HITPOINT WARNING * * *
The orc completely misses you. You block the orc wizard's attack.
The ufetubus hits you but does no damage.
You block the ufetubus's attack. You block the orc's attack.
The white imp gestures at you. The puff of frost hits you!
* * * LOW HITPOINT WARNING * * *
The orc wizard hits you with a +0 dagger.
* * * LOW HITPOINT WARNING * * *
You closely miss the orc wizard.
The orc wizard is lightly wounded.
You hit the white imp. You hit the ufetubus but do no damage. You hit the orc.
The ufetubus completely misses you. The ufetubus barely misses you. x2
You block the ufetubus's attack. The orc hits you but does no damage.
The white imp gestures at you. The puff of frost hits you.
* * * LOW HITPOINT WARNING * * *
The orc wizard hits you with a +0 dagger.
* * * LOW HITPOINT WARNING * * *
You closely miss the orc wizard.
The orc wizard is lightly wounded.
You miss the ufetubus. You hit the orc. You hit the white imp but do no damage.
You block the ufetubus's attack. x2; The white imp barely misses you.
The orc hits you with a +0 falchion.
* * * LOW HITPOINT WARNING * * *
The orc wizard hits you but does no damage.
The ufetubus closely misses you. The ufetubus hits you.
You die...

................#.............#..
................+.............#..
###'####..###..###..###...##'####
##...###..###..########..[##.####
.....#.....#..............#......
.....#.....#..............#......
.....#>....#..............#......
.....#.....#...[.o........#......
.....+.....#...5@5........'......
##############.##o####+#####...##
###..####.#######'####...########
..#.........#............#.......
..#.........#............#.......
..'.........#............#.......
.##.........#.....##...####.###+#
.##.........#.....##+######.##..#
.'..........#...........#........


You could see an orc wizard, a white imp, an orc and an ufetubus.

Vanquished Creatures
  Grinder (D:4)
  5 kobold brigands (Sewer)
  A jelly (D:4)
  A hound (D:4)
  An orc priest (D:3)
  Jessica (D:3)
  An orc wizard (D:4)
  Natasha (D:3)
  Ijyb (D:3)
  9 adders
  4 gnolls (D:3)
  4 river rats (Sewer)
  A shadow imp (D:5)
  A white imp (D:5)
  3 ufetubi
  3 worms
  2 dart slugs
  11 orcs
  10 ball pythons
  8 endoplasms
  4 giant cockroaches
  5 goblins
  3 hobgoblins
  2 quokkas
  3 bats
  2 frilled lizards (D:1)
  13 kobolds
  9 rats
110 creatures vanquished.

Notes
Turn   | Place    | Note
-------+----------+-------------------------------------------
     0 | D:1      | Ivernyr the Formicid Fighter began the quest for the Orb.
     0 | D:1      | Reached XP level 1. HP: 18/18 MP: 1/1
   117 | D:1      | Reached XP level 2. HP: 14/24 MP: 2/2
   288 | D:1      | Found a faded altar of an unknown god.
   495 | D:1      | Reached XP level 3. HP: 29/29 MP: 3/3
  1179 | D:3      | Reached XP level 4. HP: 25/37 MP: 4/4
  1407 | D:3      | Noticed Natasha
  1412 | D:3      | Killed Natasha
  1413 | D:3      | Reached XP level 5. HP: 26/42 MP: 5/5
  1461 | D:3      | Noticed Ijyb
  1500 | D:3      | Killed Ijyb
  1501 | D:3      | Reached skill level 5 in Shields
  1552 | D:3      | Noticed Jessica
  1561 | D:3      | Killed Jessica
  1973 | D:3      | Reached XP level 6. HP: 48/48 MP: 6/6
  1991 | D:4      | Found an iron altar of Okawaru.
  2004 | D:4      | Noticed Grinder
  2064 | D:4      | Killed Grinder
  2065 | D:4      | Reached XP level 7. HP: 45/55 MP: 7/7
  2150 | D:4      | Reached skill level 5 in Axes
  2491 | D:4      | Found a glowing drain.
  2522 | Sewer    | Entered a sewer
  2568 | Sewer    | Reached skill level 5 in Fighting
  2568 | Sewer    | Reached skill level 5 in Armour
  2718 | Sewer    | Reached XP level 8. HP: 48/62 MP: 8/8
  3515 | D:5      | Entered Level 5 of the Dungeon
  3532 | D:4      | HP: 2/63 [white imp/puff of frost (4)]
  3533 | D:4      | Slain by an ufetubus

Illustrated notes

Levels and vault maps discovered:
D:1:      noname_arrival_rooms_in_the_neighbourhood, layout_rooms,
          shapermc_ecumenical_altar_pompeii
D:2:      layout_basic
D:3:      layout_basic, minmay_misc_feat_tiny, uniq_jessica, uniq_natasha,
          uniq_ijyb
D:4:      layout_gridville, mainiacjoe_overflow_small_starburst,
          portal_sewer_entry_a, uniq_grinder
D:5:      layout_cave_pools, serial_demonic, serial_demonic_e, serial_demonic_e,
          serial_demonic_c, serial_demonic_b, serial_demonic_d,
          serial_demonic_a, serial_demonic_a, serial_demonic_d

Skill      XL: |  1  2  3  4  5  6  7  8 |
---------------+-------------------------+-----
Axes           | 3 4 5 6 |  6.1
Fighting       | 4 5 |  5.6
Armour         | 4 5 |  5.5
Shields        | 5 6 |  6.7

Action                     |  1- 3 |  4- 6 |  7- 9 || total
---------------------------+-------+-------+-------++-------
  Melee: War axe           |    78 |    93 |   222 ||   393
 Armour: Scale mail        |    38 |    56 |     9 ||   103
         Leather armour    |       |       |    99 ||    99
  Dodge: Dodged            |    33 |    45 |   115 ||   193
  Block: Buckler           |    27 |    32 |    71 ||   130
